WIEF, lawful male human Monk #################### --------------------------------- # ------ |...............................| ### |....| | ------------.....------------.| # #.....| |....)+ |.((|...|.| ###|....| |.....| |(((|...|.| # #.....-# | |.....| |...|...|.|##### |.<..|# -|--.....-----|---|--.| ------# | -+--- ---.......).............| # |.............{....)){..........| # | -- --- --....---|--...........| # ----.|d...|.-----|---.| # +.|....|.|..| . |I| # ----- |.|f@@.|.[..| ..|.|#################....| |.|....|.|..| .|.-# # |..)| | ------------.------.---------.| ##|.>.| ................................| ----- --------------------------------- WIEF the Initiate Experience level: 7 Strength: 17 Dexterity: 15 Constitution: 12 Intelligence: 10 Wisdom: 14 Charisma: 10 Health: 0(45) Energy: 53(53) Def: 20 Gold: 442 Moves: 4053 Dungeon seed: 1Nzm8q9YgaipMF46 Game ID: WIEF_1499319342 Your Inventory: Coins $ - 442 gold pieces Weapons o - a +0 orcish dagger Armor e - an uncursed +2 pair of leather gloves (being worn) f - an uncursed +0 dwarvish cloak m - an uncursed +0 elven leather helm n - an uncursed +1 robe (being worn) q - an uncursed +0 orcish helm K - the blessed greased rustproof +0 Mitre of Holiness M - an uncursed +0 elven leather helm N - an uncursed +0 mummy wrapping S - an uncursed +0 elven cloak X - an uncursed +0 dwarvish cloak Z - an uncursed +0 pair of iron shoes (being worn) Comestibles d - 6 uncursed food rations g - 6 uncursed oranges h - 2 uncursed fortune cookies J - 2 uncursed cream pies Scrolls b - an uncursed scroll of enchant armor l - an uncursed scroll of identify y - an uncursed scroll of fire A - a blessed scroll of gold detection B - an uncursed scroll of gold detection V - a cursed scroll of fire Spellbooks a - a blessed spellbook of protection Potions c - 3 uncursed potions of healing j - an uncursed potion of levitation s - an uncursed potion of gain level w - an uncursed potion of invisibility x - a cursed potion of acid E - a blessed potion of fruit juice G - 2 potions of holy water L - an uncursed potion of gain energy U - an uncursed potion of gain ability Rings t - an uncursed ring of levitation H - an uncursed ring of invisibility Wands v - a wand of make invisible (0:3) I - a wand of slow monster (0:4) T - a wand of fire (0:3) Tools i - an uncursed oil lamp (lit) (0:12) p - a blessed oil lamp (0:1189) (weapon in hand) r - an uncursed towel D - a +0 pick-axe O - 7 uncursed tallow candles (0:200) P - an uncursed mirror W - an uncursed wax candle (0:400) Gems u - 2 uncursed worthless pieces of blue glass z - an uncursed worthless piece of green glass F - an uncursed garnet stone Q - an uncursed worthless piece of red glass R - an uncursed worthless piece of yellow glass Y - an uncursed worthless piece of orange glass Spells and supernatural/magical abilities: Name Level Category Fail Memory p - protection 1 clerical 0% 80% W - pray for help -- divine ? -- Your skills at the end: Fighting Skills martial arts [Skilled] wands [Basic] Weapon Skills Spellcasting Skills healing spells [Basic] clerical spells [Basic] Final Attributes: You were piously aligned. You were fire resistant. You were sleep resistant. You were poison resistant. You saw invisible. You were warned. You were stealthy. You were protected. You were fast. You were lucky. You are dead. Vanquished creatures: a leprechaun 3 giant spiders a gnome king a lizard a jaguar a dwarf lord a dust vortex a raven 6 apes 5 human zombies 3 Woodland-elves a bugbear a yellow light 8 gnome lords 3 gnomish wizards a kobold mummy a gray ooze 3 little dogs a floating eye a dwarf a rothe a giant bat 4 dwarf zombies an iguana an acid blob 2 hobbits 2 hobgoblins 7 giant rats 26 gnomes 2 gnome zombies 2 geckos 7 jackals 2 goblins 4 sewer rats 11 grid bugs 2 lichens a kobold zombie 9 newts 129 creatures vanquished. Voluntary challenges: You followed a strict vegan diet. You had been an atheist until turn 3738. You used a wielded weapon 15 times, starting on turn 1716. You were illiterate. You never genocided any monsters. You never polymorphed an object. You never changed form. You used 1 wish, starting on turn 4050. You wished for your your first artifact on turn 4050. You never split a pudding. You never wrote Elbereth's name. You never violated your personal moral code. Dungeon overview: The Dungeons of Doom: levels 1 to 4 Level 1 a vault a long staircase Level 2 a general store, a vault Level 3 a general store stairs to The Gnomish Mines Level 4 a scroll shop The Gnomish Mines: levels 4 to 7 Level 4 stairs to The Dungeons of Doom Level 5 Level 6 <- You were here a lighting shop, a temple to Shan Lai Ching, some fountains Level 7 History has recorded: On T:1 you entered the Dungeons of Doom to retrieve the Amulet of Yendor! On T:387 you reached level 2 of The Dungeons of Doom. On T:560 you advanced to experience level 2. On T:634 you reached level 3 of The Dungeons of Doom. On T:1061 you reached level 4 of The Dungeons of Doom. On T:1446 you advanced to experience level 3. On T:1785 you reached level 1 of The Gnomish Mines. On T:2165 you advanced to experience level 4. On T:2317 you reached level 2 of The Gnomish Mines. On T:2334 you advanced to experience level 5. On T:2405 you reached level 4 of The Gnomish Mines. On T:2631 you advanced to experience level 6. On T:2697 you reached level 3 of The Gnomish Mines. On T:3271 you advanced to experience level 7. On T:4050 you wished for "blessed greased fixed The Mitre of Holiness". Score breakdown: Gold: 442 ( 9002 points) Experience: 7 levels (13645 points) Exploration: 7 levels ( 14.89%) (10834 points) Discoveries: 9 items ( 3.19%) ( 5359 points) Valuables value: (no points given unless you survive) Artifact value: 2000 (11229 points) Variety of kills: 38 monsters ( 9.92%) ( 9449 points) Turncount: 4053 turns (-1044 points) Survival: died (score multiplied by 80%) Total score: 46779 Latest messages: Your pair of iron shoes softly glows amber. You are empty handed. You have a little trouble lifting G - 3 blessed clear potions. Your magic lamp softly glows with a light blue aura. You are now wielding your magic lamp. The little dog bites the kitten. The kitten bites the little dog. In a cloud of smoke, a djinni emerges! The djinni speaks. "I am in your debt. I will grant one wish!" You may wish for an object. You are blasted by the crested helmet named The Mitre of Holiness' power! K - a greased crested helmet named The Mitre of Holiness. You start equipping your crested helmet named The Mitre of Holiness. The golden haze around the priestess of Shan Lai Ching becomes less dense. You take off your elven leather helm. You hear the chime of a cash register. You are blasted by the crested helmet named The Mitre of Holiness' power! You die... Final status: Goodbye WIEF the Monk, killed by touching The Mitre of Holiness... You died in The Gnomish Mines on dungeon level 6 with 46779 points, and 442 pieces of gold, after 4053 moves. You were level 7 with a maximum of 45 hit points when you died.